 Dungeon Sprint DCSS version 0.30-a0-1161-g0704695555 (webtiles) character file.

Game seed: 2248015055562508114

7904 retardedninja the Thaumaturge (level 11, -9/92 HPs)
             Began as a Gnoll Fire Elementalist on Apr 27, 2023.
             Was the Champion of Cheibriados.
             Mangled by a skyshark (shapeshifter) (24 damage)
             ... in the Dungeon (Sprint V: "Ziggurat Sprint").
             The game lasted 00:07:02 (1584 turns).

retardedninja the Thaumaturge (GnFE)                Turns: 1584, Time: 00:07:03

Health: -9/92      AC:  2    Str: 19    XL:     11   Next: 22%
Magic:  11/26      EV: 24    Int: 45    God:    Cheibriados [******]
Gold:   0          SH:  0    Dex: 29    Spells: 23/33 levels left

rFire   + . .        v - staff of fire "Tyizeeto" {rPois rF+ rCorr Str-3 SInv}
rCold   . . .        (no shield)
rNeg    . . .        a - +0 robe
rPois   +            (no helmet)
rElec   .            (no cloak)
rCorr   +            (no gloves)
SInv    +            (no boots)
Will    .....        (no amulet)
Stlth   ++++++       w - +6 ring of intelligence
HPRegen 0.35/turn    x - +6 ring of intelligence
MPRegen 0.20/turn

%: no teleportation
@: spiked, slowed, very slow
A: fangs 1, strong nose, distributed training
a: Renounce Religion, Bend Time, Temporal Distortion, Slouch, Step From Time


You were in the Dungeon.
You worshipped Cheibriados.
Cheibriados was exalted by your worship.
You visited 1 branch

Inventory:

Hand Weapons
 k - the +16 obsidian axe {drain, demonic, Mesm Drain Fly SInv}
   (You found it in the Dungeon)

   Mesm:      Its wielder is mesmerised by any visible foes, and it cannot be
   unequipped while any foes are visible.
   SInv:      It lets you see invisible.
   Fly:       It grants you flight.
   Drain:     It drains your maximum health when unequipped.
 A - the +8 lance "Wyrmbane" {slay drac, rPois rF+ rC+ AC+3}
   (You found it in the Dungeon)

   AC:        It affects your AC (+3).
   rF:        It protects you from fire.
   rC:        It protects you from cold.
   rPois:     It protects you from poison.
 B - the +12 pair of quick blades "Gyre" and "Gimble" {protect}
   (You found it in the Dungeon)
Armour
 a - a +0 robe (worn)
 y - the +8 chain mail "Buteinoy" {rF+ rN+ Str+3}
   (You found it in the Dungeon)

   Str:       It affects your strength (+3).
   rF:        It protects you from fire.
   rN:        It protects you from negative energy.
Magical Staves
 v - the staff of fire "Tyizeeto" (weapon) {rPois rF+ rCorr Str-3 SInv}
   (You found it in the Dungeon)

   [staff of fire]

   Base accuracy: +5 Base damage: 5 Base attack delay: 1.2 This weapon's minimum
   attack delay (0.6) is reached at skill level 12.
   Str:       It affects your strength (-3).
   rF:        It protects you from fire.
   rPois:     It protects you from poison.
   SInv:      It lets you see invisible.
   rCorr:     It protects you from acid and corrosion.
   It falls into the 'Staves' category.
   It is a one-handed weapon.
Jewellery
 i - the ring of Musudi {*Slow rPois rCorr Str+5}
   (You found it in the Dungeon)

   [ring of resist corrosion]

   Str:       It affects your strength (+5).
   rPois:     It protects you from poison.
   rCorr:     It protects you from acid and corrosion.
   *Slow:     It may slow you when you take damage.
 w - a +6 ring of intelligence (left hand)
 x - a +6 ring of intelligence (right hand)
Wands
 q - a wand of mindburst (9)
 r - a wand of iceblast (15)
 s - a wand of charming (1)
 u - a wand of acid (10)
 z - a wand of digging (5)
Scrolls
 g - 4 scrolls of blinking
 m - 4 scrolls of amnesia
 n - 7 scrolls of fog
 o - 5 scrolls of identify
 p - 2 scrolls of fear
 E - 2 scrolls of brand weapon
Potions
 b - 8 potions of magic
 c - 7 potions of curing
 d - 12 potions of heal wounds
 e - 6 potions of haste
 f - 3 potions of berserk rage
 h - 2 potions of brilliance
 j - 4 potions of resistance
 l - 5 potions of might
Miscellaneous
 t - a piece from Xom's chessboard (15/15)


   Skills:
 + Level 10.4 Fighting
 + Level 10.4 Short Blades
 + Level 10.4 Long Blades
 + Level 10.4 Axes
 + Level 10.4 Maces & Flails
 + Level 10.4 Polearms
 + Level 10.4 Staves
 + Level 10.4 Ranged Weapons
 + Level 10.4 Throwing
 + Level 10.4 Armour
 + Level 11.3 Dodging
 + Level 11.2 Stealth
 + Level 10.4 Shields
 + Level 10.4 Unarmed Combat
 + Level 11.5 Spellcasting
 + Level 9.0 Conjurations
 + Level 8.7 Hexes
 + Level 8.7 Summonings
 + Level 8.7 Necromancy
 + Level 8.7 Translocations
 + Level 8.7 Transmutations
 + Level 10.3 Fire Magic
 + Level 8.7 Ice Magic
 + Level 8.7 Air Magic
 + Level 8.7 Earth Magic
 + Level 8.7 Poison Magic
 + Level 11.3 Invocations
 + Level 10.4 Evocations


You had 23 spell levels left.
You knew the following spells:

 Your Spells              Type           Power      Damage    Failure   Level
a - Foxfire               Conj/Fire      100%       2x1d9     1%          1
b - Scorch                Fire           100%       2d9       1%          2
c - Flame Wave            Conj/Fire      100%       2d21      1%          4
d - Inner Flame           Hex/Fire       100%       N/A       1%          3

Your spell library contained the following spells:

 Spells                   Type           Power      Damage    Failure   Level
 Kiss of Death            Conj/Necr      100%       2d13      1%          1
 Sting                    Tmut/Pois      100%       1d8       1%          1
 Cigotuvi's Dreadful Rot  Necr/Pois/Air  100%       N/A       1%          2
 Lesser Beckoning         Tloc           100%       N/A       1%          2
 Poisonous Vapours        Pois/Air       100%       N/A       1%          2
 Wereblood                Tmut           81%        N/A       1%          2
 Call Canine Familiar     Summ           81%        N/A       1%          3
 Confusing Touch          Hex            81%        N/A       1%          3
 Frozen Ramparts          Ice            100%       1d16      1%          3
 Gell's Gravitas          Tloc           81%        N/A       1%          3
 Ignite Poison            Fire/Tmut/Pois 100%       N/A       1%          3
 Portal Projectile        Hex/Tloc       100%       N/A       1%          3
 Spider Form              Tmut/Pois      81%        N/A       1%          3
 Teleport Other           Tloc           81%        N/A       1%          3
 Volatile Blastmotes      Fire/Tloc      100%       2d18      1%          3
 Dispel Undead            Necr           81%        3d26      1%          4
 Ice Form                 Ice/Tmut       81%        N/A       1%          4
 Leda's Liquefaction      Hex/Erth       40%        N/A       1%          4
 Olgreb's Toxic Radiance  Pois           81%        N/A       1%          4
 Petrify                  Tmut/Erth      81%        N/A       1%          4
 Summon Ice Beast         Ice/Summ       81%        N/A       1%          4
 Summon Lightning Spire   Summ/Air       81%        N/A       1%          4
 Freezing Cloud           Conj/Ice/Air   40%        6-21      1%          5
 Summon Forest            Summ/Tloc      40%        N/A       1%          5
 Summon Mana Viper        Hex/Summ       81%        N/A       1%          5
 Eringya's Noxious Bog    Tmut/Pois      40%        N/A       4%          6
 Summon Cactus Giant      Summ           40%        N/A       4%          6
 Storm Form               Tmut/Air       40%        N/A       26%         7
 Summon Hydra             Summ           40%        N/A       26%         7
 Maxwell's Capacitive Co  Air            40%        ∞         89%         8


Dungeon Overview and Level Annotations

Branches:
Dungeon (1/1)

Altars:
Ashenzari
Cheibriados
Dithmenos
Elyvilon
Fedhas
Gozag
Hepliaklqana
Kikubaaqudgha
Makhleb
Nemelex Xobeh
Okawaru
Qazlal
Ru
Sif Muna
Trog
Uskayaw
Vehumet
Wu Jian
Xom
Yredelemnul
Zin
The Shining One
Jiyva
Lugonu


Innate Abilities, Weirdness & Mutations

You have very sharp teeth.
Your uncanny sense of smell can sniff out nearby items.
Your experience applies equally to all skills.


Message History

Press: ? - help, Dir - look around, f - activate You feel a surge of power!
A wave of flame ripples out!
The flame wave engulfs the skyshark!!
The skyshark is moderately wounded.
The flame wave engulfs the brown very ugly thing!!
The brown very ugly thing is moderately wounded.
The flame wave engulfs the shadow dragon!!
The shadow dragon is lightly wounded. (Press . to intensify the flame waves.)
The red ugly thing gurgles horribly!
The alligator changes into a great orb of eyes!
The skyshark barely misses you. The skyshark tail-slaps you!
The skyshark barely misses you.
An entropy weaver comes into view.
The brown very ugly thing misses you.
The shadow dragon breathes negative energy at you.
The bolt of negative energy misses you. The skyshark closely misses you.
The skyshark misses you. The skyshark tail-slaps you!
A wave of flame ripples out!
The flame wave engulfs the skyshark!!
The skyshark is severely wounded.
The flame wave engulfs the brown very ugly thing!!
The brown very ugly thing is heavily wounded.
The flame wave engulfs the alligator!!!
The alligator is severely wounded.
The flame wave engulfs the steelbarb worm!
The steelbarb worm resists.
The steelbarb worm is lightly wounded.
The flame wave engulfs the shadow dragon!
The shadow dragon is moderately wounded.
The entropy weaver shouts!
The alligator changes into a goliath frog!
The great orb of eyes changes into a spark wasp!
The steelbarb worm hits you.
* * * LOW HITPOINT WARNING * * *
Barbed spikes become lodged in your body.
The brown very ugly thing misses you. The shadow dragon closely misses you.
The shadow dragon claws you!
* * * LOW HITPOINT WARNING * * *
The shadow dragon barely misses you. The skyshark bites you!!
You die...

▓...8©8...▓ ∆
▓..)|=))..▓.........▓
▓..|?)y=..▓.....=)..▓
▓......B..▓.........▓
▓.....u.h.▓.........▓
▓.........▓.........▓
▓.........▓.........▓
▓....Fw...▓.▓.....▓.▓
▓.▓.l@u.▓.▓....©....▓
▓....©D...▓▓▓▓▓▓▓▓▓▓▓
▓▓▓▓▓▓▓▓▓▓▓ ∆∆∆∆∆∆∆∆
∆∆∆∆∆∆∆∆∆ ∆
∆∆∆∆∆∆∆∆∆∆∆∆∆∆∆∆∆∆ ∆
∆∆∆∆∆∆∆∆∆∆∆∆∆∆∆∆∆∆ ∆
∆∆∆∆∆∆∆ ∆


You could see a shadow dragon, a brown very ugly thing, a skyshark (strong), an
entropy weaver, a steelbarb worm, a red ugly thing, a spark wasp shaped shifter,
a goliath frog shaped shifter and a hound.

Vanquished Creatures
  2 two-headed ogres (D)
  A dancing weapon (D)
  A deep elf pyromancer (D)
  A deep elf zephyrmancer (D)
  A shining eye (D)
  A cyclops (D)
  2 toenail golems (D)
  An eye of devastation (D)
  3 rime drakes (D)
  2 trolls (D)
  A jumping spider (D)
  3 slime creatures (D)
  2 wyverns (D)
  2 golden eyes (D)
  A neqoxec (D)
  2 acid dragons (D)
  A floating eye (D)
  3 ogres (D)
  A wolf (D)
  2 phantoms (D)
  3 scorpions (D)
  3 jellies (D)
  3 iguanas (D)
  A white imp (D)
  An ufetubus (D)
  2 adder zombies (D)
  An adder skeleton (D)
  A bat skeleton (D)
  4 endoplasms (D)
  A jackal (D)
  A ball python simulacrum (D)
54 creatures vanquished.

Notes
Turn   | Place    | Note
-------+----------+-------------------------------------------
     0 | D        | retardedninja the Gnoll Fire Elementalist began the quest
                  | for the Orb.
     0 | D        | Reached XP level 1. HP: 13/13 MP: 6/6
     0 | D        | Found a shimmering blue altar of Sif Muna.
     0 | D        | Found a bloodstained altar of Trog.
     0 | D        | Found a sacrificial altar of Ru.
     0 | D        | Found a stormy altar of Qazlal.
     0 | D        | Found an iron altar of Okawaru.
     1 | D        | Found a sparkling altar of Nemelex Xobeh.
     1 | D        | Found a blossoming altar of Fedhas.
     1 | D        | Found the +6 Majin-Bo {spellvamp, MP+6 Int+6}
     1 | D        | Found the +27 heavy crossbow "Sniper" {heavy, Acc+∞ SInv}
     1 | D        | Found the +10 dark maul {heavy}
     1 | D        | Found the +15 Maxwell's patent armour {-Cast -Tele rElec
                  | Will+ rCorr}
     1 | D        | Found the +18 shield of the Gong {Loud rN+ Will+ rCorr
                  | EV-5}
     1 | D        | Found the +16 obsidian axe {drain, demonic, Mesm Drain Fly
                  | SInv}
     1 | D        | Found the +7 great mace "Firestarter" {flame, immolate,
                  | rFlCloud rF++}
     1 | D        | Found the +6 shillelagh "Devastator" {shatter}
     1 | D        | Found the +11 plutonium sword {Contam Stlth-}
     1 | D        | Found the +8 lance "Wyrmbane" {slay drac, rPois rF+ rC+
                  | AC+3}
     1 | D        | Found the +9 sword of Zonguldrok {reap}
     1 | D        | Found the +13 scythe of Curses {drain, curses, Drain}
     1 | D        | Found the +9 sword of Power {lifebolt}
     1 | D        | Found the +7 mace of Variability {chaos, chaos arc}
     1 | D        | Found the +11 Singing Sword {sonic wave}
     1 | D        | Found the +8 storm bow {elec, penet}
     3 | D        | Found a transporter.
     3 | D        | Found an ancient bone altar of Kikubaaqudgha.
     3 | D        | Found a viscous altar of Jiyva.
     3 | D        | Found a corrupted altar of Lugonu.
     3 | D        | Found a hazy altar of Hepliaklqana.
     3 | D        | Found a burning altar of Makhleb.
     3 | D        | Found an opulent altar of Gozag.
    15 | D        | Reached skill level 5 in Dodging
    15 | D        | Reached skill level 5 in Spellcasting
    15 | D        | Reached XP level 2. HP: 23/23 MP: 6/8
    28 | D        | Became a worshipper of Cheibriados the Contemplative
    97 | D        | Entered arena 2.
    97 | D        | Noticed a toenail golem
    97 | D        | Noticed a toenail golem
    97 | D        | Found a transporter.
   104 | D        | Killed a toenail golem
   105 | D        | Reached skill level 5 in Fighting
   105 | D        | Reached skill level 5 in Short Blades
   105 | D        | Reached skill level 5 in Long Blades
   105 | D        | Reached skill level 5 in Axes
   105 | D        | Reached skill level 5 in Maces & Flails
   105 | D        | Reached skill level 5 in Polearms
   105 | D        | Reached skill level 5 in Staves
   105 | D        | Reached skill level 5 in Ranged Weapons
   105 | D        | Reached skill level 5 in Throwing
   105 | D        | Reached skill level 5 in Armour
   105 | D        | Reached skill level 5 in Shields
   105 | D        | Reached skill level 5 in Unarmed Combat
   105 | D        | Reached skill level 5 in Invocations
   105 | D        | Reached skill level 5 in Evocations
   105 | D        | Reached XP level 3. HP: 33/33 MP: 8/11
   105 | D        | Reached XP level 4. HP: 39/39 MP: 9/13
   105 | D        | Reached XP level 5. HP: 44/44 MP: 9/14
   105 | D        | Reached XP level 6. HP: 51/51 MP: 10/16
   109 | D        | Killed a toenail golem
   109 | D        | Reached * piety under Cheibriados
   110 | D        | Reached skill level 5 in Conjurations
   110 | D        | Reached XP level 7. HP: 58/58 MP: 11/18
   249 | D        | Entered arena 3.
   249 | D        | Noticed a deep elf pyromancer
   249 | D        | Noticed a +4 halberd of protection
   249 | D        | Noticed a deep elf zephyrmancer
   249 | D        | Found a transporter.
   253 | D        | Killed a deep elf zephyrmancer
   253 | D        | Killed a deep elf pyromancer
   254 | D        | Reached XP level 8. HP: 67/67 MP: 18/20
   258 | D        | Killed a +4 halberd of protection
   258 | D        | Reached ** piety under Cheibriados
   259 | D        | Reached XP level 9. HP: 73/73 MP: 18/22
   262 | D        | Learned a level 2 spell: Scorch
   267 | D        | Learned a level 4 spell: Flame Wave
   271 | D        | Learned a level 3 spell: Inner Flame
   285 | D        | Entered arena 4.
   285 | D        | Found a transporter.
   286 | D        | Reached *** piety under Cheibriados
   327 | D        | Entered arena 5.
   327 | D        | Found a transporter.
   330 | D        | Reached **** piety under Cheibriados
   370 | D        | Got the Verses on Transforming Toxicants
   375 | D        | Entered arena 6.
   375 | D        | Found a transporter.
   378 | D        | Reached ***** piety under Cheibriados
   385 | D        | Got the staff of fire "Tyizeeto" {rPois rF+ rCorr Str-3
                  | SInv}
   390 | D        | Got the ring of Musudi {*Slow rPois rCorr Str+5}
   402 | D        | Got the +8 chain mail "Buteinoy" {rF+ rN+ Str+3}
   406 | D        | Entered arena 7.
   406 | D        | Found the +10 Black Knight's barding {ponderous, rPois rN+}
   406 | D        | Found the +12 pair of quick blades "Gyre" and "Gimble"
                  | {protect}
   406 | D        | Noticed an eye of devastation
   408 | D        | Found a transporter.
   415 | D        | Reached ****** piety under Cheibriados
   419 | D        | HP: 2/75 [slime creature (10)]
   428 | D        | Killed an eye of devastation
   429 | D        | Reached skill level 10 in Spellcasting
   429 | D        | Reached XP level 10. HP: 29/82 MP: 10/24
   709 | D        | Entered arena 8.
   710 | D        | Found a transporter.
   734 | D        | Entered arena 9.
   736 | D        | Reached skill level 10 in Dodging
   737 | D        | Reached skill level 10 in Stealth
   737 | D        | Found a transporter.
   740 | D        | Reached skill level 10 in Invocations
   934 | D        | Entered arena 10.
   934 | D        | Noticed a two-headed ogre
   934 | D        | Noticed a cyclops
   934 | D        | Noticed a two-headed ogre
   935 | D        | Found a transporter.
   939 | D        | Killed a two-headed ogre
   940 | D        | Killed a cyclops
   941 | D        | Killed a two-headed ogre
   942 | D        | Reached skill level 10 in Fighting
   942 | D        | Reached skill level 10 in Short Blades
   942 | D        | Reached skill level 10 in Long Blades
   942 | D        | Reached skill level 10 in Axes
   942 | D        | Reached skill level 10 in Maces & Flails
   942 | D        | Reached skill level 10 in Polearms
   942 | D        | Reached skill level 10 in Staves
   942 | D        | Reached skill level 10 in Ranged Weapons
   942 | D        | Reached skill level 10 in Throwing
   942 | D        | Reached skill level 10 in Armour
   942 | D        | Reached skill level 10 in Shields
   942 | D        | Reached skill level 10 in Unarmed Combat
   942 | D        | Reached skill level 10 in Fire Magic
   942 | D        | Reached skill level 10 in Evocations
   942 | D        | Reached XP level 11. HP: 48/90 MP: 18/26
  1192 | D        | Entered arena 11.
  1192 | D        | Noticed a shining eye
  1193 | D        | Found a transporter.
  1195 | D        | Killed a shining eye
  1199 | D        | Paralysed by a floating eye for 3 turns
  1569 | D        | Got the staff of fire "Zucuj" {rF+ rN+ Will+++ Str-5
                  | Stlth+}
  1578 | D        | Entered arena 12.
  1578 | D        | Noticed a swamp dragon
  1578 | D        | Noticed a red ugly thing
  1578 | D        | Noticed a death drake
  1579 | D        | Noticed a brown very ugly thing
  1579 | D        | Noticed an orb spider
  1579 | D        | Noticed a salamander
  1579 | D        | Paralysed by a floating eye for 3 turns
  1580 | D        | a swamp dragon changed into a swamp worm
  1580 | D        | an elephant changed into a steelbarb worm
  1580 | D        | Noticed a steelbarb worm (glowing shapeshifter)
  1582 | D        | Noticed a shadow dragon
  1582 | D        | Noticed a skyshark
  1582 | D        | Noticed a steelbarb worm
  1582 | D        | Noticed a seven-headed hydra
  1582 | D        | Noticed an alligator
  1582 | D        | Noticed an alligator
  1583 | D        | an alligator changed into a great orb of eyes
  1583 | D        | Noticed a great orb of eyes (glowing shapeshifter)
  1583 | D        | Noticed an entropy weaver
  1584 | D        | an alligator changed into a goliath frog
  1584 | D        | Noticed a goliath frog (glowing shapeshifter)
  1584 | D        | a great orb of eyes changed into a spark wasp
  1584 | D        | Noticed a spark wasp (glowing shapeshifter)
  1584 | D        | Mangled by a skyshark (shapeshifter)

Illustrated notes

Levels and vault maps discovered:
D:        sprint_v [room_start, room_1, room_2, room_3, room_4, room_5, room_6,
          room_7, room_8, room_9, room_10, room_11, room_12, room_13, room_14,
          room_15, room_16, room_17, room_18, room_19, room_20, room_21,
          room_22, room_23, room_24, room_25, room_26, room_27]

Skill      XL: |  1  2  3  4  5  6  7  8  9 10 11 |
---------------+----------------------------------+-----
Fighting       | 2 5 6 7 8 10 | 10.4
Short Blades   | 2 5 6 7 8 10 | 10.4
Long Blades    | 2 5 6 7 8 10 | 10.4
Axes           | 2 5 6 7 8 10 | 10.4
Maces & Flails | 2 5 6 7 8 10 | 10.4
Polearms       | 2 5 6 7 8 10 | 10.4
Staves         | 2 5 6 7 8 10 | 10.4
Ranged Weapons | 2 5 6 7 8 10 | 10.4
Throwing       | 2 5 6 7 8 10 | 10.4
Armour         | 2 5 6 7 8 10 | 10.4
Dodging        | 5 7 8 9 11 | 11.3
Shields        | 2 5 6 7 8 10 | 10.4
Unarmed Combat | 2 5 6 7 8 10 | 10.4
Spellcasting   | 5 7 8 9 10 11 | 11.5
Conjurations   | 3 4 5 6 7 8 9 |  9.0
Hexes          | 2 4 6 7 8 |  8.7
Summonings     | 2 4 6 7 8 |  8.7
Necromancy     | 2 4 6 7 8 |  8.7
Translocations | 2 4 6 7 8 |  8.7
Transmutations | 2 4 6 7 8 |  8.7
Ice Magic      | 2 4 6 7 8 |  8.7
Air Magic      | 2 4 6 7 8 |  8.7
Earth Magic    | 2 4 6 7 8 |  8.7
Poison Magic   | 2 4 6 7 8 |  8.7
Invocations    | 2 5 6 7 8 9 10 11 | 11.3
Evocations     | 2 5 6 7 8 10 | 10.4
Stealth        | 6 7 8 9 10 11 | 11.2
Fire Magic     | 7 8 9 10 | 10.3

Action                     |  1- 3 |  4- 6 |  7- 9 | 10-12 || total
---------------------------+-------+-------+-------+-------++-------
  Melee: Staff             |       |       |     2 |     3 ||     5
   Cast: Flame Wave        |       |       |     5 |     7 ||    12
         Scorch            |       |       |     1 |       ||     1
 Invoke: Step From Time    |       |       |       |     1 ||     1
  Evoke: Wand              |     5 |     5 |    11 |     7 ||    28
    Use: Potion            |     2 |       |     5 |     1 ||     8
 Armour: Robe              |       |       |     1 |     3 ||     4
  Dodge: Dodged            |       |       |    17 |    49 ||    66

Table legend: (Time is in decaauts)
 A = Elapsed time spent in this place.
 B = Non-inter-level travel time spent in this place.
 C = Inter-level travel time spent in this place.
 D = Time resting spent in this place.
 E = Time spent auto-exploring this place.
 F = Levels seen in this place.
 G = Mean time per level.
                   A        B        C        D        E       F      G
               +--------+--------+--------+--------+--------+-----+--------+
         Total |   1737 |   1737 |      0 |   1183 |      0 |   1 | 1737.0 |
       Dungeon |   1737 |   1737 |      0 |   1183 |      0 |   1 | 1737.0 |
               +--------+--------+--------+--------+--------+-----+--------+

Top non-repeatable levels by time:
       D: 1737 daAuts
